Unix NetHack Version 5.0.0-0 post-release - last build May 31 2026 13:37:37 (4f47d67043fb8e84071ad9bc9740482a2de5bd5e,branch:main).

Game began 2026-05-31 18:26:37, ended 2026-05-31 18:42:24.

ArrBianca, chaotic female elven Priestess

                                                  ----------
                                                  |.....>.*.###
                                                  |...%....|  ###     --------
                                                  |.......^-##########.......|
                                                  -.--------      ##0#|......|
                                                   ###            ##  |.)<...|
                                                     ####         #   --------
                                                     ##############
                                                      ---|------#
                                                      |..|..e..|#
                                                      |..|......##
                                                      |..|.....|
                                                      |..n(....|
                                                      ----------

ArrBianca the Acolyte        St:11 Dx:18 Co:12 In:9 Wi:19 Ch:12  Chaotic
Dlvl:5  $:111 HP:0(34) Pw:27(61) AC:4  Xp:5 T:3021 

Latest messages:
 You kill the hill orc!
 W - a bronze spellbook.
 $ - 16 gold pieces (111 in total).
 You fail to cast the spell correctly.
 You fail to cast the spell correctly.
 You are in full health.
 What do you want to read? [TW or ?*]
 You begin to memorize the runes.
 You add the "healing" spell to your repertoire, as 'd'.
 The baby crocodile bites!
 You hit the baby crocodile!
 You kill the baby crocodile!
 What do you want to zap? [P or ?*]
 In what direction?
 You hit the mountain nymph!
 The mountain nymph wakes up!
 The mountain nymph screams!
 The mountain nymph charms you.  You gladly hand over your shield.
 She stole a +0 small shield.
 The mountain nymph vanishes!
 You hit the floating eye.
 You are frozen by the floating eye's gaze!
 You hear the splashing of a naiad.
 You hear bubbling water.
 The mountain nymph appears close by!
 The mountain nymph zaps an iridium wand!
 The magic missile misses the floating eye.
 The magic missile whizzes by you!
 The magic missile bounces!
 The magic missile whizzes by you!
 The magic missile misses the floating eye.
 The magic missile misses the mountain nymph.
 The mountain nymph zaps a wand of magic missile!
 The magic missile hits you!
 The magic missile bounces!
 You hear convulsive ravings.
 The mountain nymph zaps a wand of magic missile!
 The magic missile hits you!
 The mountain nymph zaps a wand of magic missile!
 The magic missile hits you!
 The mountain nymph zaps a wand of magic missile!
 The magic missile hits you!
 The magic missile bounces!
 You can move again.
 The mountain nymph zaps a wand of magic missile!
 The magic missile hits you!
 The magic missile bounces!
 The magic missile hits you!
 You die...
 Do you want your possessions identified? [ynq] (y)

Inventory:
 Coins    ('$')
  $ - 111 gold pieces
 Weapons  (')')
  a - a blessed +1 mace (weapon in left hand)
 Armor    ('[')
  n - a blessed +1 orcish helm (being worn)
  b - a burnt +0 robe (being worn)
  l - a +0 studded leather armor (being worn)
 Comestibles  ('%')
  G - a lembas wafer
 Scrolls  ('?')
  T - a cursed scroll of stinking cloud
 Spellbooks  ('+')
  W - a spellbook of healing
 Wands    ('/')
  P - a wand of undead turning (0:5)
 Tools    ('(')
  h - a sack containing 9 items
  s - a skeleton key

Contents of the sack:
  a head of romanesco
  a clove of garlic
  a sprig of wolfsbane
  a cursed scroll of fire
  a scroll of amnesia
  2 scrolls of blank paper
  a cursed scroll of blank paper
  a blessed wand of digging (0:7)
  an oil lamp

ArrBianca the Priestess's attributes:

Background:
 You were an Acolyte, a level 5 elven Priestess.
 You were chaotic, on a mission for Anshar
 who was opposed by Anu (lawful) and Ishtar (neutral).
 You were left-handed.
 You were in the Dungeons of Doom, on level 5.
 You entered the dungeon 3021 turns ago.
 There was a full moon in effect when your adventure ended.
 You had 243 experience points, 77 more were needed to attain level 6.

Basics:
 You had 0 out of 34 hit points.
 You had 27 out of 61 energy points (spell power).
 Your armor class was 4.
 Your wallet contained 111 zorkmids.
 Autopickup was on for '$?!/="+%' plus thrown, with exceptions.

Final Characteristics:
 Your strength was 11 (limit:18).
 Your dexterity was 18 (limit:18).
 Your constitution was 12 (limit:16).
 Your intelligence was 9 (limit:20).
 Your wisdom was 19 (limit:20).
 Your charisma was 12 (limit:18).

Final Status:
 You weren't hungry.
 You were unencumbered.
 You were wielding a mace.
 You had basic skill with mace and could have enhanced that.

Final Attributes:
 You were piously aligned.
 You were sleep resistant.
 You had infravision.
 You were guarded.
 Your spell casting was enhanced by wearing a robe.
 You were lucky.
 You are dead.

Miscellaneous:
 You didn't encounter any bones levels.
 Total elapsed playing time was 15 minutes and 47 seconds.

Major events:
 Turn
    1: ArrBianca the chaotic elven Priestess entered the dungeon
 1163: attained the rank of Acolyte (level 3)
 1886: entered the Gnomish Mines
 3021: killed by a magic missile zapped by a mountain nymph

Spells:
 Name                 Level Category     Fail Retention
 light                  1   clerical       0%   81%-90%
 extra healing          3   healing       65%  76%-100%
 identify               3   divination    70%  76%-100%
 healing                1   healing        0%  76%-100%

Skills:
 Fighting Skills
   bare handed combat [Unskilled]
 Weapon Skills
   club               [Unskilled]
   mace               [Basic]
   morning star       [Unskilled]
   flail              [Unskilled]
   hammer             [Unskilled]
   quarterstaff       [Unskilled]
   polearms           [Unskilled]
   spear              [Unskilled]
   trident            [Unskilled]
   lance              [Unskilled]
   bow                [Unskilled]
   sling              [Unskilled]
   crossbow           [Unskilled]
   dart               [Unskilled]
   shuriken           [Unskilled]
   boomerang          [Unskilled]
   unicorn horn       [Unskilled]
 Spellcasting Skills
   healing spells     [Unskilled]
   divination spells  [Unskilled]
   clerical spells    [Basic]

Voluntary challenges:
 Character rerolling was not enabled.
 You never genocided any monsters.
 You never polymorphed an object.
 You never changed form.
 You used no wishes.
Achievements:
 You entered a shop.
 You attained the rank of Acolyte.
 You entered the Gnomish Mines.

 The Dungeons of Doom: levels 1 to 5
    Level 1:
       An altar to Anshar, a grave.
    Level 2:
       A general store, a fountain.
    Level 3:
       Stairs down to The Gnomish Mines.
    Level 4: "stash"
       A general store, an altar, a fountain.
    Level 5: <- You were here.
       Final resting place for
          you, killed by a magic missile zapped by a mountain nymph.
 The Gnomish Mines:
    Level 4:


Vanquished creatures:
  a rock mole
  a paper golem
  a baby crocodile
  a little dog
  6 hill orcs
  a monkey
 an orc zombie
  7 dwarf zombies
  2 acid blobs
  2 hobbits
  a hobgoblin
  a giant rat
  2 yellow molds
  6 gnome zombies
  2 geckos
 10 jackals
  a kobold
  a goblin
  2 sewer rats
  8 grid bugs
  a bat
  6 lichens
 10 kobold zombies
  4 newts
78 creatures vanquished.

No species were genocided or became extinct.

Game over:
                       ----------
                      /          \
                     /    REST    \
                    /      IN      \
                   /     PEACE      \
                  /                  \
                  |    ArrBianca     |
                  |      111 Au      |
                  |   killed by a    |
                  |  magic missile   |
                  |   zapped by a    |
                  |  mountain nymph  |
                  |       2026       |
                 *|     *  *  *      | *
        _________)/\\_//(\/(/\)/\//\/|_)_______

Goodbye ArrBianca the Priestess...

You died in The Dungeons of Doom on dungeon level 5 with 1302 points,
and 111 pieces of gold, after 3021 moves.
You were level 5 with a maximum of 34 hit points when you died.

